 Dungeon Crawl Stone Soup version 0.20-a0-970-gcd8f41e (webtiles) character file.

72 Murumi the Covert (level 4, -3/58 HPs)
             Began as a Naga Assassin on Apr 8, 2017.
             Slain by Crazy Yiuf
             ... wielding a +3 quarterstaff of chaos
              (5 damage)
             ... on level 2 of the Dungeon.
             The game lasted 00:05:18 (1727 turns).

Murumi the Covert (Naga Assassin)                   Turns: 1727, Time: 00:05:23

Health: -3/58      AC:  4    Str: 18    XL:     4   Next: 25%
Magic:  1/4        EV:  9    Int: 12    God:
Gold:   57         SH:  0    Dex: 13    Spells: 3/3 levels left

rFire    . . .     SeeInvis +   a - +2 dagger
rCold    . . .     Gourm    .   (no shield)
rNeg     . . .     Faith    .   c - +0 robe
rPois    +         Spirit   .   (no helmet)
rElec    .         Reflect  .   d - +1 cloak
rCorr    .         Harm     .   (no gloves)
MR       .....                  (no barding)
Stlth    ..........             (no amulet)
Regen    0.2/turn               k - ring of poison resistance
MPRegen  0.1/turn               (no ring)

@: berserking, quick
A: see invisible, deformed body, poison resistance, slowness 2, slow metabolism
1, spit poison 1, AC +1
a: Spit Poison


You were on level 2 of the Dungeon.
You were not hungry.

You visited 1 branch of the dungeon, and saw 2 of its levels.

You collected 57 gold pieces.

Inventory:

Hand Weapons
 a - a +2 dagger (weapon)
 b - a +0 blowgun
Missiles
 e - 8 poisoned needles
 f - 2 curare-tipped needles
 n - 24 stones (quivered)
Armour
 c - a +0 robe (worn)
 d - a +1 cloak (worn)
Jewellery
 k - a ring of poison resistance (left hand)
Scrolls
 j - a scroll of enchant armour
Potions
 m - a potion of degeneration {unknown}
Comestibles
 g - 2 bread rations
 h - 2 fruits
 i - a meat ration


   Skills:
 - Level 2.0 Fighting
 - Level 2.0 Short Blades
 - Level 2.0 Throwing
 - Level 1.0 Dodging
 + Level 8.2 Stealth


You had 3 spell levels left.
You didn't know any spells.

Dungeon Overview and Level Annotations

Branches:
Dungeon (2/15)

Altars:

Annotations:
D:2 Crazy Yiuf


Innate Abilities, Weirdness & Mutations

You cannot wear boots.
Your serpentine skin is tough. (AC +1)
You have supernaturally acute eyesight. (SInv)
Armour fits poorly on your strangely shaped body.
Your system is resistant to poisons. (rPois)
You cover ground very slowly.
You have a slow metabolism.
You can spit poison.


Message History

Crazy Yiuf is lightly wounded.
Crazy Yiuf hits you with a quarterstaff of chaos.
* * * LOW HITPOINT WARNING * * *
Crazy Yiuf freezes you.
* * * LOW HITPOINT WARNING * * *
You hit Crazy Yiuf.
Crazy Yiuf is moderately wounded.
You hit Crazy Yiuf.
Crazy Yiuf is heavily wounded.
Crazy Yiuf screams, "Action high broken!"
Crazy Yiuf barely misses you.
You closely miss Crazy Yiuf.
Crazy Yiuf is heavily wounded.
You barely miss Crazy Yiuf.
Crazy Yiuf is heavily wounded.
Crazy Yiuf sings, "Trees, trees, trees, circus!"
Crazy Yiuf hits you with a quarterstaff of chaos!
* * * LOW HITPOINT WARNING * * *
Space bends around you.
You die...

##†# # #.## #
#).# # ##.#
####.## #.....#
### #####.###.##
#)..### ##P....#
#..#
#..(g@####......#
##.#
#...##..#.P....##
#.# ###
###.#.P..## #..
######## ##. #.
## # #


You could see Crazy Yiuf.

Vanquished Creatures
  2 gnolls (D:1)
  An ooze (D:2)
  2 worms (D:2)
  4 dart slugs
  A ball python (D:1)
  6 bats
  A giant cockroach (D:1)
  7 goblins
  4 hobgoblins
  A quokka (D:2)
  2 kobolds
  4 rats
35 creatures vanquished.

Notes
Turn   | Place    | Note
-------+----------+-------------------------------------------
     0 | D:1      | Murumi the Naga Assassin began the quest for the Orb.
     0 | D:1      | Reached XP level 1. HP: 19/19 MP: 1/1
    33 | D:1      | Reached skill level 6 in Stealth
    60 | D:1      | Reached skill level 1 in Dodging
   327 | D:1      | Reached XP level 2. HP: 24/26 MP: 2/2
   545 | D:1      | Reached XP level 3. HP: 13/32 MP: 3/3
   764 | D:1      | Reached skill level 7 in Stealth
  1495 | D:2      | Reached XP level 4. HP: 39/39 MP: 4/4
  1501 | D:2      | Reached skill level 8 in Stealth
  1709 | D:2      | Found a runed door.
  1713 | D:2      | Noticed Crazy Yiuf
  1727 | D:2      | HP: 2/58 [Crazy Yiuf/quarterstaff of chaos (9)]
  1727 | D:2      | Slain by Crazy Yiuf

Vault maps used:
D:1:      minmay_arrival_plants_in_alcoves
D:2:      nicolae_overflow_crystal_walls, uniq_terence, uniq_crazy_yiuf_cottage,
          uniq_natasha

Skill      XL: |  1  2  3  4 |
---------------+-------------+-----
Stealth        | 6 7 8 |  8.2
Dodging        | 1 |  1.0
Throwing       | 2 |  2.0
Fighting       | |  2.0
Short Blades   | |  2.0

Action                   |  1- 3 |  4- 6 || total
-------------------------+-------+-------++-------
Melee: Dagger            |    80 |    31 ||   111
Throw: Stone             |       |     1 ||     1
 Abil: Spit Poison       |     4 |     1 ||     5
  Use: Scroll            |     2 |     2 ||     4
       Potion            |     1 |     1 ||     2
 Stab: Sleeping          |    10 |     3 ||    13
       Distracted        |     1 |       ||     1
  Eat: Chunk             |     1 |     1 ||     2
Armor: Robe              |    23 |     5 ||    28
Dodge: Dodged            |    44 |     4 ||    48
